 Adventure DCSS version bcrawl-1.27.3 (webtiles) character file.

Game seed: 6261892636601581256

110845 galech the Skirmisher (level 5, 41/41 HPs)
             Began as a Demonspawn Fighter on Aug 6, 2020.
             Quit the game in a sewer.
             The game lasted 00:03:47 (3238 turns).

galech the Skirmisher (Demonspawn Fighter)          Turns: 3238, Time: 00:03:47

Health: 41/41      AC:  9    Str: 18    XL:     5   Next: 0%
Magic:  5/5        EV:  3    Int:  9    God:
Gold:   147        SH:  9    Dex: 12    Spells: 4/4 levels left
                                        Lives:  2   Deaths: 0

rFire    + . .     SeeInvis .   a - +0 war axe
rCold    . . .     Gourm    .   c - +0 medium shield
rNeg     . . .     Faith    .   o - +0 chain mail
rPois    .         Spirit   .   (no helmet)
rElec    .         Reflect  .   (no cloak)
rCorr    .         Harm     .   (no gloves)
MR       .....                  (no boots)
Stlth    ..........             (no amulet)
HPRegen  0.13/turn              (no ring)
MPRegen  0.09/turn              (no ring)

@: very slow
A: claws 1, hooves 1, fire resistance 1, flame cloud immunity
a: no special abilities


You were in a sewer.
You were not hungry.

You visited 1 branch of the dungeon, and saw 3 of its levels.
You also visited: Sewer.

You collected 147 gold pieces.

Inventory:

Hand Weapons
 a - a +0 war axe (weapon)
Armour
 c - a +0 medium shield (worn)
 o - a +0 chain mail (worn)
Wands
 n - a wand of polymorph (12)
Scrolls
 f - a scroll of noise
 g - 5 scrolls of teleportation
 i - a scroll of amnesia
 j - 4 scrolls of enchant armour
 l - a scroll of magic mapping {unknown}
 m - 3 scrolls of blinking {unknown}
Potions
 b - 3 potions of magic
 d - 2 potions of might
 k - a potion of mutation {unknown}
 p - a potion of brilliance {unknown}
Comestibles
 e - 4 rations {!d}


   Skills:
 + Level 3.6 Fighting
 + Level 2.8 Axes
 + Level 3.5 Armour
 + Level 1.0 Dodging
 + Level 0.1 Stealth
 + Level 3.2 Shields


You had 4 spell levels left.
You didn't know any spells.
Your spell library was empty.

Dungeon Overview and Level Annotations

Branches:
Dungeon (3/12)

Altars:
Gozag


Innate Abilities, Weirdness & Mutations

You have sharp fingernails.
You have large cloven feet.
Your flesh is heat resistant. (rF+)
You are immune to clouds of flame.


Message History

Moving in this stuff is going to be slow.
Found a gate leading back out of this place.
There is a gate leading back out of this place here.
You enter the shallow water.
Moving in this stuff is going to be slow.
b - 3 potions of magic (gained 1)
There is a gate leading back out of this place here.
You enter the shallow water.
Moving in this stuff is going to be slow.
You enter the shallow water.
Moving in this stuff is going to be slow.
You enter the shallow water.
Moving in this stuff is going to be slow.
Things that are here:
a +0 club; a +0 dagger You enter the shallow water.
Moving in this stuff is going to be slow.
Partly explored, can't reach some places.
Partly explored, can't reach some places.
Are you sure you want to abandon this character and quit the game? (Confirm with "yes".)

≈≈≈≈≈≈≈≈≈≈.≈#≈#.≈≈P....≈
≈≈≈≈≈≈≈≈≈≈≈≈#≈#≈≈.≈.P≈P≈
≈≈≈≈≈≈≈≈≈≈≈≈#≈#≈≈≈≈≈#P#.
#≈≈≈≈≈≈≈≈≈≈≈#≈#≈≈≈≈≈#≈#≈
#≈≈≈≈≈≈≈≈≈≈#≈#≈≈≈≈≈#≈#≈
#≈≈≈≈≈≈≈≈≈≈#≈#≈≈≈≈≈#≈#≈
##≈≈≈≈≈≈≈≈#≈#≈≈≈≈≈#≈#≈
###≈≈≈≈≈≈#≈#≈≈≈≈≈#≈#≈ ####
#≈@≈≈≈≈#≈#≈≈≈≈≈#≈#≈ ###..#
##..≈≈.#≈#.≈≈≈≈#≈#≈ #..≈≈##
#.....#≈#..≈≈≈≈≈≈≈ #≈...≈#
#..≈..P...########
##.≈PP######P..)PP.≈≈≈≈≈≈≈≈
#..≈).≈≈≈≈≈≈.P.≈.P.########
##.≈..######...≈..P≈≈≈≈≈≈≈≈
#≈≈≈≈.# #...≈.≈.≈≈≈≈≈≈≈≈
##≈...# ##.≈≈≈≈≈≈≈≈≈≈≈≈≈


There were no monsters in sight!

Vanquished Creatures
  4 gnolls (D:2)
  2 adders (Sewer)
  2 worms
  2 dart slugs (D:1)
  3 leopard geckos
  3 orcs (D:3)
  3 ball pythons
  5 goblins
  8 hobgoblins
  11 jackals
  2 quokkas (D:2)
  2 bats (D:1)
  4 frilled lizards
  8 kobolds
  5 rats
  6 plants (Sewer)
70 creatures vanquished.

Notes
Turn   | Place    | Note
-------+----------+-------------------------------------------
     0 | D:1      | galech the Demonspawn Fighter began the quest for the Orb.
     0 | D:1      | Reached XP level 1. HP: 18/18 MP: 1/1
   285 | D:1      | Gained mutation: Your flesh is heat resistant. (rF+)
                  | [demonic ancestry]
   285 | D:1      | Reached XP level 2. HP: 24/24 MP: 2/2
   835 | D:2      | Found a faded altar of an unknown god.
   923 | D:2      | Found an opulent altar of Gozag.
  1048 | D:2      | Gained mutation: You have large cloven feet. [demonic
                  | ancestry]
  1048 | D:2      | Reached XP level 3. HP: 10/29 MP: 3/3
  1315 | D:2      | Reached skill level 1 in Dodging
  1475 | D:2      | Gained mutation: You are immune to clouds of flame.
                  | [demonic ancestry]
  1475 | D:2      | Reached XP level 4. HP: 13/35 MP: 4/4
  2249 | D:3      | Found a glowing drain.
  2258 | Sewer    | Entered a sewer
  3093 | Sewer    | Gained mutation: You have sharp fingernails. [demonic
                  | ancestry]
  3093 | Sewer    | Reached XP level 5. HP: 14/41 MP: 5/5
  3238 | Sewer    | Quit the game

Skill      XL: |  1  2  3 |
---------------+----------+-----
Armour         | 3 |  3.5
Axes           | 2 |  2.8
Shields        | 3 |  3.2
Dodging        | 1 |  1.0
Fighting       | |  3.6
Stealth        | |  0.1

Action                   |  1- 3 |  4- 6 || total
-------------------------+-------+-------++-------
Melee: War axe           |   111 |   241 ||   352
       Kick              |     9 |    91 ||   100
  Use: Scroll            |       |     4 ||     4
       Potion            |       |     2 ||     2
  Eat: Chunk             |     6 |     9 ||    15
       Ration            |       |     2 ||     2
Armor: Scale mail        |    19 |       ||    19
       Chain mail        |    37 |    98 ||   135
Dodge: Dodged            |    18 |    23 ||    41
Block: Medium shield     |    62 |    67 ||   129
